Map: Triton LE

Players

DPGCure (Cure) - Winner!

  • Race: Terran Terran
  • League: Grandmaster
  • Spawn Location: 5:00

Dream

  • Race: Terran Terran
  • League: Grandmaster
  • Spawn Location: 11:00

VOD

Have the link to the VOD?

Description

Time

  • Played on: Dec. 26, 2019, 9:11 a.m.
  • Length: 8:28
Show
View Real Time Build Order
Export as new Build Order

DPGCure Terran - Winner!

Build Orders: Hellion Opening 

Get SALT Encoding   

  12  0:00  SCV  
  13  0:12  SCV  
  14  0:16  Supply Depot  
  14  0:24  SCV  
  14  0:27  Refinery  
  15  0:38  SCV  
  16  0:43  Barracks  
  16  0:50  SCV  
  16  0:53  Refinery  
  17  1:02  SCV  
  18  1:14  SCV  
  19  1:29  Orbital Command  
  19  1:30  Factory  
  19  1:32  Reaper  
  20  1:41  Supply Depot  
  20  1:55  SCV  
  21  2:04  Reaper  
  21  2:07  SCV  
  23  2:13  Hellion  
  25  2:19  SCV  
  26  2:25  Command Center  
  26  2:31  SCV  
  26  2:34  Supply Depot  
  26  2:36  Reaper  
  28  2:39  Hellion  
  28  2:43  SCV  
  31  2:55  Starport  
  31  2:56  SCV  
  31  3:02  Hellion  
  33  3:08  SCV  
  33  3:09  Barracks Reactor  
  34  3:20  SCV  
  34  3:24  Hellion  
  37  3:31  Medivac  
  39  3:37  SCV  
  39  3:38  Orbital Command  
  40  3:49  SCV  
  40  3:52  Barracks Tech Lab  
  40  3:54  Hellion x2  
  45  4:01  SCV, Supply Depot  
  45  4:02  Liberator  
  49  4:05  SCV  
  50  4:13  SCV  
  51  4:17  SCV  
  51  4:19  Marine x2  
  51  4:24  Cyclone  
  57  4:25  SCV  
  57  4:29  SCV  
  59  4:36  Command Center  
  59  4:37  Marine x2  
  61  4:44  SCV  
  62  4:50  SCV  
  59  4:54  Marine x2  
  59  4:55  Starport Tech Lab  
  59  4:56  SCV  
  56  5:02  SCV  
  56  5:06  Siege Tank  
  58  5:10  SCV  
  58  5:12  Marine x2  
  58  5:13  Refinery  
  57  5:14  Refinery, SCV, Supply Depot, Raven  
  57  5:17  Barracks  
  57  5:18  Barracks  
  60  5:23  SCV  
  60  5:27  SCV  
  62  5:35  Bunker, Marine x2  
  62  5:36  SCV, Supply Depot  
  62  5:37  Supply Depot  
  62  5:39  SCV  
  62  5:40  Siege Tank  
  69  5:48  SCV  
  68  5:51  SCV  
  68  5:53  Marine x2  
  67  5:57  SCV  
  67  6:00  SCV  
  65  6:06  SCV  
  61  6:15  SCV, Orbital Command, Marine  
  61  6:16  Marine  
  61  6:18  Barracks Reactor, Siege Tank, SCV  
  67  6:20  Engineering Bay  
  67  6:23  Starport Reactor  
  64  6:29  Engineering Bay  
  64  6:32  Marine  
  64  6:33  Stimpack  
  64  6:36  Orbital Command  
  64  6:37  Marine  
  64  6:38  Barracks, Marine  
  64  6:39  Barracks  
  67  6:41  SCV  
  67  6:42  SCV  
  69  6:50  Marine  
  69  6:53  SCV  
  69  6:54  SCV  
  72  6:55  Marine x3  
  72  6:59  Viking x2  
  72  7:00  Siege Tank  
  79  7:06  Supply Depot  
  79  7:07  Supply Depot  
  77  7:12  Marine x2  
  77  7:13  Marine x2  
  81  7:18  Marine  
  76  7:30  SCV x3, Marine x3  
  76  7:36  Siege Tank  
  84  7:40  Marine x2  
  84  7:41  Viking x2  
  84  7:43  SCV x3  
  93  7:50  Barracks Reactor  
  93  7:56  SCV x2  
  93  7:57  SCV  
  96  7:59  Marine x5  
  101  8:08  SCV x2  
  101  8:09  SCV  
  104  8:21  Barracks Reactor  
Show
View Real Time Build Order
Export as new Build Order

Dream Terran 

Build Orders:  

Get SALT Encoding   

  12  0:00  SCV  
  13  0:12  SCV  
  14  0:17  Supply Depot  
  14  0:24  SCV  
  15  0:31  Refinery  
  15  0:39  SCV  
  16  0:43  Barracks  
  16  0:51  SCV  
  16  0:54  Refinery  
  17  1:03  SCV  
  18  1:15  SCV  
  19  1:30  Reaper, Orbital Command  
  20  1:35  Factory  
  20  1:42  Supply Depot  
  20  1:56  SCV  
  21  2:02  Reaper  
  21  2:08  SCV  
  23  2:20  SCV  
  26  2:23  Hellion  
  26  2:29  Command Center  
  26  2:32  SCV  
  26  2:35  Reaper  
  28  2:39  Supply Depot  
  30  2:44  Hellion  
  30  2:46  SCV  
  31  2:56  Starport  
  31  3:00  SCV  
  32  3:06  Hellion  
  34  3:13  SCV  
  34  3:15  Barracks Tech Lab  
  35  3:21  Refinery  
  35  3:25  SCV  
  36  3:30  Factory Tech Lab  
  36  3:37  SCV  
  36  3:41  Orbital Command  
  37  3:42  Barracks Reactor  
  37  3:47  Raven  
  39  3:49  SCV  
  39  3:51  Cyclone  
  43  4:01  SCV  
  44  4:07  SCV  
  45  4:13  SCV  
  46  4:18  Command Center  
  46  4:19  SCV  
  46  4:24  Siege Tank  
  50  4:25  SCV  
  50  4:29  Supply Depot  
  51  4:33  Stimpack  
  51  4:36  SCV  
  51  4:37  SCV, Starport Reactor  
  53  4:39  Marine  
  53  4:46  Barracks  
  53  4:48  SCV  
  53  4:49  SCV  
  42  5:00  SCV, Siege Tank  
  42  5:07  SCV  
  42  5:09  Marine  
  43  5:18  Liberator  
  47  5:21  SCV x2  
  47  5:32  Viking  
  49  5:42  Marine  
  48  5:48  SCV  
  50  5:50  SCV  
  50  5:56  SCV  
  41  6:06  Viking  
  41  6:10  SCV  
  39  6:15  SCV  
  40  6:24  SCV, Marine  
  39  6:28  SCV  
  39  6:30  Orbital Command  
  40  6:33  Viking  
  40  6:37  SCV  
  43  6:40  SCV  
  43  6:41  Marine  
  45  6:47  Siege Tank  
  45  6:49  SCV  
  45  6:52  SCV  
  50  6:59  Marine  
  50  7:01  SCV x2  
  53  7:05  SCV  
  54  7:10  Viking  
  54  7:13  SCV  
  54  7:14  SCV  
  58  7:17  Marine  
  58  7:19  Siege Tank  
  58  7:21  SCV  
  60  7:25  SCV  
  58  7:30  SCV, Medivac  
  58  7:33  SCV  
  58  7:35  Marine  
  63  7:38  SCV  
  63  7:43  SCV  
  65  7:44  Barracks  
  65  7:45  SCV  
  65  7:50  Refinery, SCV  
  67  7:51  Medivac  
  67  7:53  Marine  
  67  7:55  SCV  
  67  7:57  Barracks  
  71  8:04  SCV x2  
  76  8:09  SCV  
  77  8:17  Engineering Bay x2  
  77  8:18  Supply Depot  
Tags
 
Add a new tag
Caveats
  • Supply blocks, unpowered buildings, or Contaminate may cause inaccurate times.
  • Supply counts are checked every 10 seconds.